Map: Catalyst LE

Players

ShoWTimE

  • Race: Protoss Protoss
  • League: Grandmaster
  • Spawn Location: 11:00

Stats - Winner!

  • Race: Protoss Protoss
  • League: Master
  • Spawn Location: 5:00

VOD

https://www.twitch.tv/videos/200377898?t=00h45m50s

Description

HSCXVI Group Stage 2 Group B Game 1: Stats vs. ShoWTimE Catalyst LE standard opening into Zealot Archon.

Time

  • Played on: Nov. 11, 2017, 6:28 a.m.
  • Length: 14:07
Show
View Real Time Build Order
Export as new Build Order

ShoWTimE Protoss 

Build Orders: Zealot Archon, Dark Templar Rush 

Get SALT Encoding   

  1  0:00  Probe (Chrono Boost)  
  12  0:04  Probe (Chrono Boost)  
  14  0:18  Pylon  
  14  0:23  Probe (Chrono Boost)  
  15  0:37  Gateway  
  15  0:38  Probe (Chrono Boost)  
  16  0:43  Assimilator  
  17  0:50  Probe (Chrono Boost)  
  17  0:52  Assimilator  
  17  1:01  Probe (Chrono Boost)  
  18  1:05  Gateway  
  18  1:07  Probe (Chrono Boost)  
  19  1:16  Probe (Chrono Boost)  
  20  1:23  Cybernetics Core  
  20  1:28  Probe (Chrono Boost)  
  21  1:33  Pylon  
  22  1:41  Probe (Chrono Boost)  
  22  1:50  Warp Gate  
  22  1:53  Probe (Chrono Boost)  
  23  2:00  Stalker x2  
  27  2:06  Unknown  
  27  2:17  Twilight Council  
  27  2:30  Stalker  
  29  2:54  Dark Shrine  
  29  2:59  Nexus  
  29  3:06  Pylon  
  29  3:11  Probe (Chrono Boost)  
  30  3:20  Unknown  
  30  3:23  Probe (Chrono Boost)  
  31  3:27  Sentry  
  33  3:34  Robotics Facility  
  33  3:39  Probe (Chrono Boost)  
  34  3:49  Probe (Chrono Boost), Pylon  
  34  3:55  Probe (Chrono Boost), Unknown  
  36  4:06  Probe (Chrono Boost)  
  36  4:08  Dark Templar  
  39  4:12  Observer  
  39  4:16  Probe (Chrono Boost)  
  41  4:18  Probe (Chrono Boost)  
  42  4:27  Probe (Chrono Boost)  
  42  4:30  Probe (Chrono Boost)  
  44  4:33  Warp Prism, Probe (Chrono Boost), Phoenix  
  47  4:39  Sentry  
  47  4:41  Blink  
  47  4:42  Probe x2 (Chrono Boost)  
  51  4:47  Pylon  
  52  4:54  Probe x2 (Chrono Boost)  
  53  5:03  Assimilator  
  53  5:06  Probe x2 (Chrono Boost)  
  55  5:10  Immortal  
  59  5:18  Probe (Chrono Boost)  
  60  5:25  Pylon  
  60  5:31  Forge  
  60  5:39  Probe (Chrono Boost), Immortal  
  61  5:42  Gateway  
  61  5:45  Dark Templar, Gateway  
  61  5:49  Phoenix  
  67  5:59  Protoss Ground Weapons Level 1  
  67  6:01  Gateway  
  67  6:02  Gateway  
  67  6:05  Sentry  
  69  6:15  Pylon  
  69  6:18  Pylon  
  69  6:20  Immortal  
  69  6:24  Nexus  
  71  6:36  Probe (Chrono Boost)  
  71  6:37  Probe (Chrono Boost)  
  71  6:38  Dark Templar  
  75  6:42  Archon  
  75  6:47  Unknown, Pylon  
  75  6:49  Stalker x2  
  79  6:55  Stalker  
  81  7:02  Stalker  
  81  7:04  Stalker  
  81  7:08  Probe x2 (Chrono Boost)  
  87  7:11  Pylon  
  87  7:17  Stalker  
  87  7:18  Stalker  
  91  7:22  Pylon  
  91  7:23  Resonating Glaives  
  91  7:31  Probe x2 (Chrono Boost)  
  91  7:41  Probe (Chrono Boost)  
  91  7:43  Probe x2 (Chrono Boost)  
  94  7:45  Immortal  
  94  7:47  Unknown  
  94  7:49  Unknown  
  94  7:50  Pylon  
  94  7:51  Assimilator  
  94  7:53  Probe (Chrono Boost)  
  94  7:55  Probe x2 (Chrono Boost)  
  102  8:05  Probe (Chrono Boost)  
  100  8:14  Dark Templar x2  
  100  8:15  Immortal  
  100  8:18  Probe x2 (Chrono Boost)  
  100  8:19  Probe (Chrono Boost)  
  111  8:31  Pylon  
  111  8:34  Adept x4  
  113  8:36  Unknown  
  113  8:37  Unknown  
  113  8:38  Pylon  
  119  8:45  Immortal  
  117  8:48  Adept x2  
  119  8:57  Adept x2  
  119  8:58  Adept x2  
  127  9:14  Adept x3  
  133  9:24  Pylon x2  
  133  9:26  Pylon  
  133  9:29  Adept x3  
  124  9:32  Protoss Ground Weapons Level 2  
  124  9:36  Stalker x3  
  119  9:42  Observer  
  100  9:49  Probe (Chrono Boost)  
  100  9:50  Probe (Chrono Boost), Adept  
  100  9:51  Adept x2  
  100  9:59  Probe (Chrono Boost)  
  91  10:10  Probe x2 (Chrono Boost)  
  91  10:13  Assimilator  
  93  10:17  Assimilator  
  93  10:22  Dark Templar x2, Immortal  
  93  10:23  Adept x3  
  93  10:25  Nexus  
  93  10:26  Archon  
  93  10:28  Pylon  
  107  10:39  Pylon  
  107  10:51  Adept x4  
  107  10:56  Pylon  
  115  10:58  Gateway  
  115  11:02  Gateway  
  114  11:06  Adept x2  
  114  11:10  Immortal  
  108  11:13  Adept x4  
  105  11:26  Unknown  
  105  11:29  Adept x2, Unknown, Pylon  
  109  11:32  Dark Templar  
  109  11:33  Dark Templar  
  109  11:34  Dark Templar  
  109  11:35  Dark Templar  
  109  11:39  Archon x2  
  113  11:54  Robotics Bay  
  113  12:02  Adept x4  
  121  12:11  Robotics Facility, Nexus  
  121  12:13  Adept x2, Pylon  
  125  12:28  Sentry  
  119  12:33  Colossus  
  119  12:35  Adept  
  121  12:44  Photon Cannon  
  121  12:45  Photon Cannon  
  121  12:47  Pylon  
  121  12:50  Adept x3  
  129  13:00  Adept x2  
  127  13:06  Adept x3  
  130  13:17  Adept x3  
  121  13:27  Stalker x2  
  121  13:32  Stalker  
  121  13:33  Stalker  
  119  13:39  Stalker  
  94  13:42  Adept  
  73  13:49  Adept x2  
  73  13:53  Adept  
  65  13:57  Stalker  
Show
View Real Time Build Order
Export as new Build Order

Stats Protoss - Winner!

Build Orders: Phoenix Opening, Archon Immortal, Zealot Archon 

Get SALT Encoding   

  12  0:02  Probe (Chrono Boost)  
  14  0:14  Probe (Chrono Boost)  
  14  0:18  Pylon  
  14  0:26  Probe (Chrono Boost)  
  15  0:32  Probe (Chrono Boost)  
  15  0:41  Gateway, Probe (Chrono Boost)  
  16  0:47  Assimilator  
  17  0:53  Probe (Chrono Boost)  
  17  0:55  Assimilator  
  18  0:59  Probe (Chrono Boost)  
  19  1:07  Probe (Chrono Boost)  
  20  1:13  Gateway  
  21  1:19  Probe (Chrono Boost)  
  21  1:28  Cybernetics Core  
  21  1:31  Probe (Chrono Boost)  
  22  1:35  Pylon  
  22  1:43  Probe (Chrono Boost)  
  24  1:54  Warp Gate  
  24  1:55  Probe (Chrono Boost)  
  24  2:04  Stalker x2  
  28  2:26  Pylon  
  28  2:33  Nexus  
  28  2:38  Sentry  
  30  2:44  Sentry  
  31  2:52  Robotics Facility  
  31  2:58  Probe (Chrono Boost)  
  32  3:02  Unknown  
  32  3:10  Probe (Chrono Boost)  
  33  3:18  Pylon  
  33  3:22  Probe (Chrono Boost)  
  34  3:32  Probe (Chrono Boost)  
  35  3:37  Unknown  
  35  3:38  Probe (Chrono Boost)  
  35  3:40  Observer  
  35  3:41  Probe (Chrono Boost)  
  36  3:42  Phoenix  
  38  3:48  Probe x2 (Chrono Boost)  
  40  3:58  Sentry, Stalker  
  40  4:00  Probe (Chrono Boost)  
  40  4:01  Probe (Chrono Boost)  
  46  4:04  Immortal  
  50  4:12  Probe (Chrono Boost)  
  50  4:13  Probe (Chrono Boost)  
  52  4:17  Pylon  
  54  4:24  Probe (Chrono Boost)  
  54  4:25  Probe (Chrono Boost)  
  54  4:33  Probe (Chrono Boost)  
  54  4:37  Probe (Chrono Boost)  
  56  4:39  Probe (Chrono Boost)  
  56  4:41  Protoss Ground Weapons Level 1  
  56  4:43  Assimilator  
  56  4:44  Forge, Immortal  
  61  4:47  Assimilator  
  61  4:49  Probe (Chrono Boost)  
  61  4:51  Probe (Chrono Boost)  
  64  5:01  Probe (Chrono Boost)  
  64  5:03  Probe (Chrono Boost)  
  64  5:05  Pylon  
  65  5:09  Pylon  
  65  5:16  Gateway x2  
  66  5:21  Probe (Chrono Boost)  
  66  5:23  Observer  
  67  5:37  Gateway, Twilight Council  
  67  5:39  Gateway  
  67  5:45  Photon Cannon  
  67  5:50  Zealot x2  
  71  6:00  Immortal  
  75  6:05  Pylon, Charge  
  75  6:12  Protoss Ground Weapons Level 2  
  75  6:24  Nexus  
  75  6:25  Pylon  
  75  6:26  Templar Archives  
  75  6:31  Zealot x4  
  85  6:47  Zealot x2  
  85  6:51  Templar Archives  
  87  6:59  Warp Prism  
  89  7:02  High Templar x3  
  89  7:03  High Templar  
  89  7:07  Archon x2  
  89  7:08  Zealot x2  
  101  7:10  Pylon  
  101  7:12  Pylon  
  101  7:28  Zealot x2  
  105  7:35  High Templar  
  105  7:36  Zealot x2, High Templar  
  113  7:40  Photon Cannon, Probe x3 (Chrono Boost), Archon  
  116  7:49  Zealot x2  
  122  7:53  Probe x3 (Chrono Boost)  
  122  7:55  Warp Prism  
  123  7:58  Zealot  
  123  8:01  Protoss Ground Weapons Level 3  
  124  8:09  Probe x2 (Chrono Boost)  
  124  8:10  Probe (Chrono Boost)  
  124  8:11  Zealot x2, High Templar x2  
  133  8:15  Archon  
  133  8:27  Pylon x2  
  133  8:29  Pylon x2  
  133  8:47  Probe x3 (Chrono Boost)  
  136  8:52  Zealot x3  
  142  9:02  Zealot, High Templar x2  
  147  9:08  Probe x2 (Chrono Boost)  
  147  9:09  Probe (Chrono Boost)  
  143  9:10  Archon  
  139  9:19  Zealot x3  
  137  9:33  Zealot  
  137  9:35  Zealot x2  
  137  9:38  Immortal  
  93  9:46  Zealot x3  
  93  9:49  Probe x3 (Chrono Boost)  
  98  9:53  Photon Cannon  
  98  9:57  Zealot x3  
  99  10:07  Probe x3 (Chrono Boost)  
  97  10:08  High Templar  
  97  10:09  Zealot, High Templar  
  97  10:13  Assimilator  
  103  10:15  Assimilator  
  103  10:19  Stalker  
  103  10:20  Stalker  
  107  10:21  Archon  
  107  10:30  Gateway  
  107  10:32  Gateway  
  107  10:42  Protoss Ground Armor Level 1, High Templar x4  
  115  10:43  Zealot  
  115  10:44  Zealot  
  115  10:46  Archon x2  
  115  10:47  Immortal  
  119  10:56  Pylon  
  123  11:07  Zealot x2  
  117  11:17  Zealot x4  
  109  11:26  Immortal  
  109  11:30  Nexus  
  109  11:31  High Templar x2  
  117  11:34  High Templar x2  
  117  11:36  Archon  
  117  11:38  Archon  
  121  11:45  Zealot x3  
  125  11:49  Probe x3 (Chrono Boost)  
  126  11:55  Zealot  
  126  12:04  Adept x2  
  130  12:12  Zealot, High Templar x4  
  140  12:16  Archon x2  
  140  12:19  Zealot  
  140  12:22  Probe x3 (Chrono Boost)  
  138  12:33  High Templar x2  
  138  12:34  Probe x2 (Chrono Boost), Zealot  
  138  12:35  Probe (Chrono Boost)  
  147  12:37  Archon  
  147  12:40  Zealot  
  149  12:46  Probe x2 (Chrono Boost)  
  149  12:47  Probe (Chrono Boost), Zealot x2  
  146  13:07  High Templar x2  
  146  13:08  Zealot x5  
  146  13:12  Archon  
  158  13:13  Zealot  
  147  13:32  Zealot x5  
  149  13:35  Zealot  
  149  13:40  Zealot  
  149  13:41  Zealot  
  121  13:50  Probe x3 (Chrono Boost)  
  121  13:51  Probe (Chrono Boost)  
  117  13:57  Zealot x5  
Tags
 
Add a new tag
Caveats
  • Supply blocks, unpowered buildings, or Contaminate may cause inaccurate times.
  • Supply counts are checked every 10 seconds.